 Dungeon Crawl Stone Soup version 0.30.0-16-gbe6223bb7e (webtiles) character file.

Game seed: 11354657368927827140

5449 grizmgrazm2 the Thaumaturge (level 11, -2/72 HPs)
             Began as a Formicid Earth Elementalist on May 20, 2023.
             Was a Priest of Vehumet.
             Slain by Amaemon
             ... wielding a -2 demon whip of venom
              (6 damage)
             ... on level 1 of the Lair of Beasts.
             The game lasted 00:22:07 (7716 turns).

grizmgrazm2 the Thaumaturge (FoEE)                  Turns: 7716, Time: 00:22:08

Health: -2/72      AC: 11    Str: 13    XL:     11   Next: 0%
Magic:  10/25      EV: 12    Int: 19    God:    Vehumet [***...]
Gold:   204        SH:  0    Dex: 14    Spells: 11/30 levels left

rFire   . . .        s - +4 dagger (speed)
rCold   + + .        (no shield)
rNeg    . . .        o - +1 leather armour "Ofiat" {Drain rC++}
rPois   .            (helmet unavailable)
rElec   .            (no cloak)
rCorr   .            h - +2 pair of gloves
SInv    +            (no boots)
Will    ++...        (no amulet)
Stlth   ++           i - +4 ring of protection
HPRegen 0.32/turn    c - ring of willpower
MPRegen 0.19/turn

%: no passive effects
@: no status effects
A: permanent stasis, dig shafts and tunnels, antennae 3, four strong arms
a: Dig, Shaft Self, Renounce Religion


You were on level 1 of the Lair of Beasts.
You worshipped Vehumet.
Vehumet was most pleased with you.
You visited 3 branches of the dungeon, and saw 10 of its levels.
You also visited: Sewer.

You collected 400 gold pieces.
You spent 196 gold pieces at shops.

Inventory:

Hand Weapons
 s - a +4 dagger of speed (weapon)
Armour
 h - a +2 pair of gloves (worn)
 o - the +1 leather armour "Ofiat" (worn) {Drain rC++}
   (You found it on level 2 of the Dungeon)

   rC:        It greatly protects you from cold.
   Drain:     It drains your maximum health when unequipped.
Jewellery
 b - a ring of protection from cold
 c - a ring of willpower (right hand)
 i - a +4 ring of protection (left hand)
 k - a ring of fire
Wands
 a - a wand of iceblast (3)
 r - a wand of mindburst (4)
Scrolls
 f - a scroll of fog
 l - 2 scrolls of magic mapping
Potions
 d - a potion of berserk rage
 j - a potion of haste


   Skills:
 + Level 1.8 Fighting
 + Level 1.1 Short Blades
 + Level 3.0 Armour
 + Level 2.5 Dodging
 + Level 2.7 Stealth
 + Level 0.1 Unarmed Combat
 * Level 10.1 Spellcasting
 * Level 3.3 Conjurations
 * Level 3.0 Necromancy
 * Level 4.0 Transmutations
 * Level 2.7 Air Magic
 + Level 9.8 Earth Magic
 * Level 4.7 Poison Magic
 + Level 0.5 Evocations


You had 11 spell levels left.
You knew the following spells:

 Your Spells              Type           Power      Damage    Failure   Level
a - Sandblast             Erth           94%        2d19      1%          1
b - Passwall              Tmut/Erth      30%        N/A       1%          2
c - Stone Arrow           Conj/Erth      68%        3d11      1%          3
d - Petrify               Tmut/Erth      36%        N/A       5%          4
e - Mephitic Cloud        Conj/Pois/Air  23%        N/A       1%          3
f - Death Channel         Necr           10%        N/A       99%         6

Your spell library contained the following spells:

 Spells                   Type           Power      Damage    Failure   Level
 Hailstorm                Conj/Ice       15%        3d5       4%          3
 Shock                    Conj/Air       84%        1d8       1%          1
 Sublimation of Blood     Necr           21%        N/A       4%          2
 Gell's Gravitas          Tloc           9%         N/A       28%         3
 Summon Guardian Golem    Hex/Summ       9%         N/A       28%         3
 Teleport Other           Tloc           9%         N/A       28%         3
 Silence                  Hex/Air        7%         N/A       83%         5
 Orb of Destruction       Conj           11%        9d6       99%         7
 Dispersal                Tloc           4%         N/A       100%        6
 Spellforged Servitor     Conj/Summ      7%         N/A       100%        7


Dungeon Overview and Level Annotations

Branches:
Dungeon (8/15)             Temple (1/1) D:4            Lair (1/5) D:8
  Sewer (visited)

Altars:
Ashenzari
Cheibriados
Dithmenos
Fedhas
Nemelex Xobeh
Okawaru
Qazlal
Ru
Vehumet
Wu Jian
Yredelemnul
The Shining One

Shops:
D:7 *

Annotations:
D:4 Blork the orc
Lair:1 Amaemon


Innate Abilities, Weirdness & Mutations

You cannot be hasted, slowed, berserked, paralysed or teleported.
You can dig through walls and to a lower floor.
You have a pair of large antennae on your head. (SInv)
Your four strong arms can wield two-handed weapons with a shield.


Message History

The elephant trunk-slaps you but does no damage.
Really read the scroll of poison?
The air fills with toxic fumes!
As you read the scroll of poison, it crumbles to dust.
The elephant misses you.
The elephant trunk-slaps you but does no damage.
You feel better.
Amaemon is engulfed in poison gas.
Amaemon is poisoned.
Amaemon barely misses you. Amaemon claws you but does no damage.
Amaemon tail-slaps you but does no damage.
The elephant tramples you.
* * * LOW HITPOINT WARNING * * *
You hold your ground!
The elephant closely misses you.
The orange demon stings you but does no damage.
You feel better.
Amaemon is engulfed in poison gas.
Amaemon looks even sicker.
Amaemon hits you with a -2 demon whip of venom.
* * * LOW HITPOINT WARNING * * *
Amaemon claws you but does no damage. Amaemon misses you.
The elephant closely misses you. The elephant completely misses you.
The orange demon stings you but does no damage.
Unknown command.
You closely miss Amaemon.
Amaemon is lightly wounded.
The orange demon no longer looks unusually toxic.
You feel better.
Amaemon is engulfed in poison gas.
Amaemon looks even sicker.
Amaemon barely misses you. x2; Amaemon tail-slaps you.
* * * LOW HITPOINT WARNING * * *
The elephant tramples you!
* * * LOW HITPOINT WARNING * * *
You hold your ground!
The elephant trunk-slaps you but does no damage.
The orange demon stings you from afar.
* * * LOW HITPOINT WARNING * * *
Okay, then.
Aiming: Mindburst
Press: ? - help, Shift-Dir - straight line, f - Amaemon, p - elephant
Aim: Amaemon, wielding a -2 demon whip of venom (poison gas, lightly wounded, very poisoned, chance to affect: 31%) Amaemon easily resists.
Amaemon is engulfed in poison gas.
Amaemon looks as sick as possible!
Amaemon hits you with a -2 demon whip of venom.
You die...

### ###§.##
###§§§§...#
##§§§§§§....
##6☼§§§§§....
#@YY☼§§§§....
###4.§§§§....
#.☼§§§§.... #
#.#.§§§§....
##
###..§§§....
#. #...§§...#
##
##.#..§...#
#.
#P.##....##
#. ##.P#...##
#


You could see Amaemon (extremely poisoned), 2 elephants and an orange demon.

Vanquished Creatures
  A cane toad (Lair:1)
  A komodo dragon (Lair:1)
  A hornet (D:8)
  3 wyverns
  10 yaks
  A basilisk (D:8)
  4 water moccasins
  2 orc warriors
  A black bear (D:8)
  2 centaurs
  An ogre (D:3)
  A phantom (D:5)
  A kobold brigand (D:6)
  10 bullfrogs
  4 wights
  2 jellies
  6 hounds
  4 sleepcaps
  3 iguanas
  5 orc wizards
  9 adders
  A white imp (D:5)
  An ufetubus (D:7)
  A worm (D:6)
  3 dart slugs
  26 orcs
  14 endoplasms
  11 giant cockroaches
  4 goblins
  2 hobgoblins
  3 jackals (D:1)
  11 kobolds
  12 quokkas
  11 ball pythons
  2 bats
  10 frilled lizards
  3 rats
187 creatures vanquished.

Notes
Turn   | Place    | Note
-------+----------+-------------------------------------------
     0 | D:1      | grizmgrazm2 the Formicid Earth Elementalist began the quest
                  | for the Orb.
     0 | D:1      | Reached XP level 1. HP: 13/13 MP: 3/3
    76 | D:1      | Reached XP level 2. HP: 2/19 MP: 0/5
   583 | D:1      | Reached XP level 3. HP: 24/24 MP: 3/6
   948 | D:2      | Found a faded altar of an unknown god.
  1004 | D:2      | Learned a level 2 spell: Passwall
  1059 | D:2      | Identified the +1 leather armour "Ofiat" {Drain rC++}
  1288 | D:2      | Reached skill level 5 in Earth Magic
  1532 | D:2      | Reached skill level 3 in Spellcasting
  1532 | D:2      | Reached XP level 4. HP: 30/30 MP: 5/8
  2026 | D:3      | You fall into a shaft and drop 1 floor!
  2129 | D:4      | Found a staircase to the Ecumenical Temple.
  2139 | Temple   | Entered the Ecumenical Temple
  2159 | Temple   | Became a worshipper of Vehumet
  2258 | D:4      | Noticed an ogre
  2276 | D:3      | Killed an ogre
  2277 | D:3      | Reached skill level 1 in Armour
  2277 | D:3      | Reached XP level 5. HP: 35/35 MP: 6/10
  2314 | D:4      | Reached skill level 4 in Spellcasting
  2314 | D:4      | Reached XP level 6. HP: 34/41 MP: 7/12
  2380 | D:4      | Noticed Blork the orc
  2389 | D:5      | Entered Level 5 of the Dungeon
  2703 | D:5      | Reached XP level 7. HP: 46/46 MP: 12/14
  2707 | D:5      | Learned a level 3 spell: Stone Arrow
  2918 | D:5      | Reached skill level 5 in Spellcasting
  3212 | D:5      | Found a blossoming altar of Fedhas.
  3234 | D:5      | Reached * piety under Vehumet
  3234 | D:5      | Offered knowledge of Kiss of Death by Vehumet.
  3465 | D:6      | Reached skill level 6 in Spellcasting
  3465 | D:6      | Reached XP level 8. HP: 28/52 MP: 11/17
  3467 | D:6      | Reached skill level 1 in Fighting
  3640 | D:6      | Found a glowing drain.
  3650 | Sewer    | Entered a sewer
  3755 | Sewer    | Reached ** piety under Vehumet
  3755 | Sewer    | Offered knowledge of Shock by Vehumet.
  3764 | Sewer    | Learned a level 4 spell: Petrify
  4032 | Sewer    | Offered knowledge of Mephitic Cloud by Vehumet.
  4037 | Sewer    | Learned a level 3 spell: Mephitic Cloud
  4071 | Sewer    | Got the Octavo of Macabre Electrocution
  4086 | Sewer    | Learned a level 6 spell: Death Channel
  4190 | D:6      | Reached skill level 1 in Poison Magic
  4439 | D:6      | Reached skill level 7 in Spellcasting
  4439 | D:6      | Reached skill level 1 in Conjurations
  4919 | D:7      | Reached *** piety under Vehumet
  4920 | D:7      | Reached XP level 9. HP: 59/59 MP: 19/19
  5014 | D:6      | Reached skill level 1 in Necromancy
  5098 | D:7      | Reached skill level 1 in Air Magic
  5419 | D:7      | Reached skill level 8 in Spellcasting
  5593 | D:7      | Found Kuypt's Assorted Antiques.
  5618 | D:7      | Bought a tubular gilded ring for 140 gold pieces
  5618 | D:7      | Bought 2 scrolls labelled YFIGGI FEEZA for 56 gold pieces
  5845 | D:8      | Noticed a hornet
  5845 | D:8      | Noticed a hornet
  5949 | D:8      | Found a sparkling altar of Nemelex Xobeh.
  5966 | D:8      | Offered knowledge of Hailstorm by Vehumet.
  6088 | D:8      | Killed a hornet
  6376 | D:8      | Reached skill level 1 in Short Blades
  6416 | D:8      | Reached XP level 10. HP: 35/66 MP: 22/22
  6861 | D:8      | Found a staircase to the Lair.
  6875 | Lair:1   | Entered Level 1 of the Lair of Beasts
  7068 | Lair:1   | Reached skill level 9 in Spellcasting
  7452 | Lair:1   | Noticed a cane toad
  7458 | Lair:1   | Killed a cane toad
  7645 | Lair:1   | Noticed a komodo dragon
  7653 | Lair:1   | Killed a komodo dragon
  7654 | Lair:1   | Reached skill level 10 in Spellcasting
  7671 | Lair:1   | Noticed an elephant
  7674 | Lair:1   | Noticed an elephant
  7675 | Lair:1   | Noticed an elephant
  7694 | Lair:1   | Reached XP level 11. HP: 41/72 MP: 7/25
  7702 | Lair:1   | Noticed Amaemon
  7715 | Lair:1   | HP: 3/72 [orange demon[Amaemon] (5)]
  7716 | Lair:1   | Slain by Amaemon

Illustrated notes

Levels and vault maps discovered:
D:1:      dpeg_arrival_windows_large_door, layout_loops_ring
D:2:      layout_loops_ring, shapermc_ecumenical_altar_ellora
D:3:      layout_rooms, jmf_multi_god_temple, nicolae_overflow_hidden_temple,
          grunt_gozag_statues, serial_shops, nicolae_shop_peninsula
D:4:      layout_cave_pods, lemuel_doored_altar,
          minmay_temple_entry_statues_pillars, st_stairs_1, uniq_menkaure,
          uniq_blork_the_orc
D:5:      layout_basic, fedhas_ov_isle_minmay
D:6:      layout_cave_pools, cheibrodos_sewer_entry_sluice,
          kennysheep_small_square
D:7:      layout_loops_ring, serial_shops, nicolae_shop_window_shopping
D:8:      layout_basic, mainiacjoe_overflow_tiny_flanked,
          mainiacjoe_overflow_chevrons, david_lair_generic
Temple:   cyrus_circular_temple
Lair:1:   layout_cave_pods, grunt_megastairs_1, uniq_amaemon

Skill      XL: |  1  2  3  4  5  6  7  8  9 10 |
---------------+-------------------------------+-----
Earth Magic    | 4 5 6 7 8 9 |  9.8
Spellcasting   | 3 4 6 7 8 10 | 10.1
Armour         | 1 2 3 |  3.0
Dodging        | 2 |  2.5
Fighting       | 1 |  1.8
Poison Magic   | 2 3 4 |  4.7
Conjurations   | 1 2 3 |  3.3
Necromancy     | 2 3 |  3.0
Air Magic      | 2 |  2.7
Transmutations | 3 4 |  4.0
Short Blades   | 1 |  1.1
Stealth        | |  2.7
Unarmed Combat | |  0.1
Evocations     | |  0.5

Action                     |  1- 3 |  4- 6 |  7- 9 | 10-12 || total
---------------------------+-------+-------+-------+-------++-------
  Melee: Unarmed           |    11 |       |       |       ||    11
         Punch             |     1 |       |       |       ||     1
         Dagger            |       |    14 |    30 |    12 ||    56
   Cast: Sandblast         |    46 |    47 |   211 |    15 ||   319
         Passwall          |     1 |       |       |       ||     1
         Stone Arrow       |       |       |     2 |    50 ||    52
  Evoke: Wand              |       |       |     7 |     1 ||     8
    Use: Potion            |     1 |       |     4 |     6 ||    11
         Scroll            |     7 |       |    12 |     4 ||    23
   Stab: Sleeping          |       |       |     2 |       ||     2
 Armour: Robe              |     6 |       |       |       ||     6
         Leather armour    |       |    14 |   102 |    24 ||   140
  Dodge: Dodged            |    28 |    27 |   146 |    34 ||   235
